 Dungeon Crawl Stone Soup version 0.30-a0-1066-g63dfefce0d (webtiles) character file.

Game seed: 10824239799171726146

5 qeuew the Conjurer (level 1, -3/15 HPs)
             Began as a Draconian Conjurer on Apr 12, 2023.
             Slain by a quokka (4 damage)
             ... on level 1 of the Dungeon.
             The game lasted 00:00:32 (142 turns).

qeuew the Conjurer (Draconian Conjurer)              Turns: 142, Time: 00:00:32

Health: -3/15      AC:  7    Str:  9    XL:     1   Next: 66%
Magic:  1/3        EV: 12    Int: 18    God:
Gold:   10         SH:  0    Dex:  9    Spells: 3/4 levels left

rFire   . . .      SeeInvis .    (no weapon)
rCold   . . .      Faith    .    (no shield)
rNeg    . . .      Spirit   .    (body armour unavailable)
rPois   .          Reflect  .    (helmet restricted)
rElec   .          Rampage  .    (no cloak)
rCorr   .                        b - +2 pair of gloves
Will    .....                    (no boots)
Stlth   ++                       (no amulet)
HPRegen 0.22/turn                (no ring)
MPRegen 0.08/turn                (no ring)

@: no status effects
A: AC +4, unfitting armour, cold-blooded
a: no special abilities


You were on level 1 of the Dungeon.
You visited 1 branch of the dungeon, and saw 1 of its levels.

You collected 10 gold pieces.

Inventory:

Armour
 b - a +2 pair of gloves (worn)
Potions
 a - a potion of magic


   Skills:
 + Level 0.3 Fighting
 + Level 1.8 Dodging
 + Level 1.9 Stealth
 * Level 2.1 Spellcasting
 + Level 4.0 Conjurations


You had 3 spell levels left.
You knew the following spells:

 Your Spells              Type           Power      Damage    Failure   Level
a - Magic Dart            Conj           64%        1d6       3%          1

Your spell library contained the following spells:

 Spells                   Type           Power      Damage    Failure   Level
 Searing Ray              Conj           32%        2d5       4%          2
 Dazzling Flash           Conj/Hex       18%        N/A       24%         3
 Fulminant Prism          Conj/Hex       4%         3d5       61%         4
 Iskenderun's Mystic Bla  Conj/Tloc      9%         2d4       61%         4


Dungeon Overview and Level Annotations

Branches:
Dungeon (1/15)

Altars:


Innate Abilities, Weirdness & Mutations

Your plain brown scales are hard. (AC +4)
You cannot fit into any form of body armour.
You are cold-blooded and may be slowed by cold attacks.


Message History

The quokka bites you but does no damage.
The kobold hits you with a +0 short sword.
* * * LOW HITPOINT WARNING * * *
You hit the quokka but do no damage.
The quokka is heavily wounded.
The quokka misses you. The kobold hits you but does no damage.
You barely miss the quokka.
Your tail-slap misses the quokka.
The quokka is heavily wounded.
The quokka closely misses you. The kobold barely misses you.
You closely miss the quokka.
The quokka is heavily wounded.
The quokka bites you but does no damage.
The quokka barely misses you. The kobold barely misses you.
You closely miss the quokka.
Your tail-slap misses the quokka.
The quokka is heavily wounded.
The quokka bites you but does no damage.
The kobold closely misses you.
You barely miss the quokka.
The quokka is heavily wounded.
The quokka closely misses you. The kobold barely misses you.
You hit the quokka but do no damage.
You tail-slap the quokka, but do no damage.
The quokka is heavily wounded.
The quokka bites you but does no damage.
The kobold hits you but does no damage.
You hit the quokka but do no damage.
The quokka is heavily wounded.
The quokka barely misses you. The kobold hits you but does no damage.
You hit the quokka.
The quokka is heavily wounded.
The quokka barely misses you. x2; The kobold closely misses you.
You hit the quokka but do no damage.
The quokka is heavily wounded.
The quokka bites you.
* * * LOW HITPOINT WARNING * * *
The kobold hits you but does no damage.
You hit the quokka.
Your tail-slap misses the quokka.
The quokka is almost dead.
The quokka bites you.
You die...

#P....#
##.###
#PP...#
#....#
#######
#....#
+......
#....#
#######
#....#
#P~~~~#
#....#
#P~~~~#
#....#
##P~~~#
#..r@#
##P~~#
+...K#
##PP#
#)...#
####
#....#
######


You could see a quokka and a kobold.

Vanquished Creatures
  A bat (D:1)
  2 endoplasms (D:1)
  A goblin (D:1)
4 creatures vanquished.

Notes
Turn   | Place    | Note
-------+----------+-------------------------------------------
     0 | D:1      | qeuew the Draconian Conjurer began the quest for the Orb.
     0 | D:1      | Reached XP level 1. HP: 14/14 MP: 3/3
   142 | D:1      | Slain by a quokka

Illustrated notes

Levels and vault maps discovered:
D:1:      psy_arrival_terrarium, layout_basic

Action                     || total
---------------------------++-------
  Melee: Unarmed           ||    28
         Tailslap          ||     1
   Cast: Magic Dart        ||     9
 Armour: Skin              ||    20
  Dodge: Dodged            ||    33

Table legend: (Time is in decaauts)
 A = Elapsed time spent in this place.
 B = Non-inter-level travel time spent in this place.
 C = Inter-level travel time spent in this place.
 D = Time resting spent in this place.
 E = Time spent auto-exploring this place.
 F = Levels seen in this place.
 G = Mean time per level.
                   A        B        C        D        E       F      G
               +--------+--------+--------+--------+--------+-----+--------+
         Total |    142 |    142 |      0 |      0 |     92 |   1 |  142.0 |
       Dungeon |    142 |    142 |      0 |      0 |     92 |   1 |  142.0 |
               +--------+--------+--------+--------+--------+-----+--------+

Top non-repeatable levels by time:
     D:1: 142 daAuts
